Map: Jagannatha LE

Players

ViBE - Winner!

  • Race: Zerg Zerg
  • League: Bronze
  • Spawn Location: 7:00

TempleCraft

  • Race: Protoss Protoss
  • Spawn Location: 1:00

VOD

https://www.youtube.com/watch?v=VjhJ7E-kFgw&list=PLFeZeom2b4DnD3FIu7pzkXl51JX_WWz2h&index=2

Description

Time

  • Played on: March 9, 2021, 8:01 p.m.
  • Length: 16:16
Show
View Real Time Build Order
Export as new Build Order

ViBE Zerg - Winner!

Build Orders: Hatch First 

Get SALT Encoding   

  12  0:00  Drone  
  13  0:12  Overlord  
  13  0:20  Drone  
  14  0:32  Drone x2  
  17  0:35  Drone  
  17  0:46  Drone  
  18  0:56  Drone  
  19  1:02  Hatchery  
  18  1:14  Drone  
  18  1:18  Drone  
  20  1:24  Spawning Pool  
  19  1:29  Drone  
  20  1:51  Drone x2  
  20  1:54  Extractor  
  22  2:08  Drone  
  22  2:13  Queen  
  22  2:14  Queen  
  26  2:26  Overlord  
  26  2:29  Drone x2  
  28  2:30  Overlord  
  30  2:44  Drone x2  
  30  2:49  Drone x2  
  30  2:50  Queen  
  34  2:59  Lair  
  34  3:01  Drone x2  
  36  3:06  Overlord  
  36  3:15  Drone  
  36  3:19  Drone  
  38  3:20  Drone  
  39  3:29  Drone x2  
  39  3:30  Drone x4  
  45  3:35  Roach Warren, Evolution Chamber  
  45  3:37  Extractor  
  45  3:40  Extractor  
  41  3:43  Overlord  
  41  3:46  Drone x3  
  44  3:57  Drone  
  44  3:58  Drone x3, Evolution Chamber  
  44  4:01  Drone x2  
  49  4:15  Glial Reconstitution  
  49  4:17  Zerg Missile Weapons Level 1  
  49  4:18  Overlord  
  49  4:19  Hatchery  
  49  4:20  Roach x3  
  54  4:25  Roach  
  56  4:31  Overlord  
  56  4:42  Roach x2  
  56  4:43  Roach x2  
  56  4:45  Drone x4  
  68  4:53  Drone  
  69  5:12  Drone x7  
  76  5:26  Overlord  
  76  5:27  Overlord x3  
  76  5:30  Queen  
  78  5:39  Drone x4  
  82  5:46  Drone x6  
  82  5:47  Drone x2  
  90  5:56  Extractor x2  
  88  6:00  Hydralisk Den  
  87  6:05  Zerg Ground Armor Level 1  
  87  6:14  Zerg Missile Weapons Level 2  
  87  6:26  Extractor, Drone  
  87  6:28  Drone  
  87  6:29  Drone x2  
  90  6:39  Overlord  
  90  6:40  Overlord x6  
  90  6:41  Hydralisk x3  
  90  6:42  Hydralisk  
  90  6:43  Grooved Spines  
  98  6:48  Drone  
  98  6:49  Infestation Pit  
  98  6:56  Hydralisk x8  
  114  7:30  Hydralisk x12  
  138  7:51  Hatchery  
  137  7:55  Muscular Augments  
  137  7:59  Drone x7  
  137  8:00  Drone  
  145  8:06  Drone x2  
  145  8:07  Drone x8  
  155  8:30  Drone  
  155  8:31  Drone  
  157  8:38  Overlord x5  
  157  8:40  Zerg Ground Armor Level 2  
  157  8:41  Hive  
  157  8:58  Hatchery  
  156  9:11  Hydralisk x8  
  156  9:12  Hydralisk x2  
  176  9:34  Hydralisk x9  
  176  9:35  Extractor, Hydralisk x2  
  176  9:36  Extractor  
  196  10:38  Zerg Missile Weapons Level 3  
  182  12:04  Hydralisk  
  182  12:05  Hydralisk x8  
  198  12:58  Hatchery  
  187  14:05  Hatchery  
  170  14:39  Hydralisk  
  170  14:40  Hydralisk x9  
  170  14:41  Hydralisk x5  
Show
View Real Time Build Order
Export as new Build Order

TempleCraft Protoss 

Build Orders:  

Get SALT Encoding   

  12  0:02  Probe  
  13  0:15  Pylon  
  13  0:25  Pylon  
  13  0:40  Gateway  
  13  0:49  Probe (Chrono Boost)  
  14  0:52  Assimilator  
  14  0:53  Probe (Chrono Boost)  
  15  1:06  Probe  
  16  1:19  Probe  
  17  1:34  Probe  
  18  1:44  Zealot  
  18  1:45  Nexus  
  20  1:52  Pylon  
  20  2:06  Forge  
  20  2:28  Probe  
  21  2:40  Probe  
  22  2:54  Photon Cannon  
  22  2:59  Photon Cannon  
  22  3:06  Photon Cannon, Probe (Chrono Boost)  
  22  3:11  Photon Cannon  
  23  3:16  Probe (Chrono Boost)  
  24  3:20  Gateway  
  24  3:21  Probe (Chrono Boost)  
  25  3:30  Probe  
  25  3:32  Probe  
  25  3:33  Assimilator  
  27  3:40  Assimilator  
  27  3:42  Probe  
  27  3:43  Assimilator  
  27  3:44  Probe  
  29  3:56  Probe  
  30  4:08  Probe  
  31  4:20  Probe (Chrono Boost)  
  31  4:21  Probe (Chrono Boost)  
  33  4:31  Probe (Chrono Boost)  
  35  4:35  Probe (Chrono Boost)  
  35  4:47  Probe  
  36  4:59  Probe  
  37  5:02  Cybernetics Core  
  37  5:05  Pylon  
  37  5:10  Pylon  
  37  5:16  Probe  
  38  5:25  Photon Cannon  
  38  5:29  Probe  
  38  5:31  Photon Cannon  
  39  5:37  Photon Cannon  
  39  5:41  Probe  
  40  5:52  Pylon  
  40  5:53  Probe  
  41  6:00  Pylon  
  41  6:02  Zealot  
  41  6:03  Zealot  
  45  6:04  Pylon  
  45  6:05  Probe  
  46  6:12  Photon Cannon  
  46  6:15  Probe  
  47  6:24  Stargate  
  47  6:25  Stargate  
  47  6:27  Probe  
  47  6:28  Stargate  
  47  6:29  Zealot  
  47  6:30  Zealot  
  47  6:31  Stargate  
  52  6:39  Probe  
  53  6:51  Probe  
  54  6:57  Zealot  
  54  6:58  Zealot  
  58  7:02  Robotics Facility  
  58  7:07  Robotics Facility  
  58  7:11  Robotics Facility  
  58  7:21  Robotics Facility  
  58  7:24  Zealot  
  58  7:25  Zealot  
  58  7:28  Photon Cannon  
  62  7:32  Photon Cannon  
  62  7:34  Probe  
  63  7:37  Probe  
  63  7:40  Void Ray (Chrono Boost)  
  63  7:43  Void Ray (Chrono Boost)  
  64  7:46  Probe  
  64  7:50  Probe  
  64  7:51  Stalker  
  72  7:52  Stalker  
  72  7:58  Probe  
  79  8:02  Probe  
  84  8:05  Void Ray (Chrono Boost)  
  84  8:10  Probe  
  85  8:14  Probe  
  86  8:22  Stalker, Probe  
  86  8:26  Probe  
  90  8:27  Nexus  
  90  8:42  Probe  
  90  8:46  Nexus  
  90  8:47  Probe  
  92  8:54  Probe  
  93  8:59  Probe  
  94  9:04  Pylon  
  94  9:07  Pylon  
  94  9:10  Photon Cannon  
  94  9:14  Photon Cannon  
  94  9:22  Probe x2  
  94  9:23  Pylon  
  96  9:27  Pylon  
  96  9:32  Photon Cannon  
  96  9:34  Probe x2  
  96  9:37  Assimilator  
  98  9:41  Assimilator  
  96  9:46  Probe x2  
  96  9:51  Protoss Ground Weapons Level 1  
  98  9:56  Sentry  
  100  10:01  Immortal x2  
  108  10:22  Sentry  
  110  10:30  Fleet Beacon  
  110  10:35  Robotics Bay  
  110  10:39  Stalker  
  112  10:49  Sentry  
  122  10:50  Immortal x2  
  122  11:09  Stalker  
  124  11:15  Sentry  
  126  11:39  Stalker  
  128  11:42  Sentry  
  94  12:00  Protoss Ground Armor Level 1  
  84  12:08  Stalker  
  86  12:09  Stalker  
  88  12:39  Stalker  
  90  12:45  Immortal x2  
  90  12:46  Immortal x2  
  92  13:25  Immortal x4  
  104  13:27  Photon Cannon  
  104  13:30  Photon Cannon  
  104  13:32  Photon Cannon  
  95  13:34  Photon Cannon  
  95  13:38  Photon Cannon  
  78  13:59  Photon Cannon  
  78  14:01  Void Ray x4  
  76  14:38  Void Ray x2  
  68  14:39  Void Ray  
  39  15:15  Void Ray  
Tags
 
League
Bronze
Matchup
PvZ
Player
ViBE
Replay Pack
Bronze_League
Spawn Locations
Cross Positions
Add a new tag
Caveats
  • Supply blocks, unpowered buildings, or Contaminate may cause inaccurate times.
  • Supply counts are checked every 10 seconds.